Map: Prion Terraces

Players

TheWildGame

  • Race: Terran Terran
  • League: Master

MorN - Winner!

  • Race: Terran Terran
  • League: Master

VOD

Have the link to the VOD?

Description

Time

  • Played on: Dec. 25, 2015, 8:14 p.m.
  • Length: 23:31
Show
View Real Time Build Order
Export as new Build Order

TheWildGame Terran 

Build Orders:  

Get SALT Encoding   

  12  0:02  SCV  
  13  0:15  SCV  
  13  0:19  Supply Depot  
  14  0:27  SCV  
  15  0:30  Refinery  
  15  0:42  SCV  
  16  0:46  Barracks  
  16  0:56  SCV  
  17  1:08  SCV  
  18  1:20  SCV  
  19  1:28  Refinery  
  19  1:33  Orbital Command  
  19  1:34  Reaper  
  19  1:37  Supply Depot  
  20  2:00  SCV  
  20  2:01  Factory  
  21  2:08  Reaper  
  22  2:12  SCV  
  23  2:21  Command Center  
  23  2:25  SCV  
  24  2:37  SCV  
  24  2:43  Barracks Reactor  
  24  2:44  Hellion  
  24  2:47  Starport  
  24  2:49  SCV  
  27  3:01  SCV  
  28  3:06  Hellion  
  30  3:13  SCV  
  31  3:25  Supply Depot  
  31  3:31  Factory Tech Lab  
  31  3:33  SCV, Viking, Marine x2  
  36  3:37  Orbital Command  
  36  3:45  SCV  
  37  3:54  Marine x2  
  42  3:57  SCV, Cyclone  
  43  4:03  SCV  
  43  4:08  Viking  
  43  4:09  SCV  
  47  4:12  Engineering Bay  
  47  4:20  SCV  
  47  4:21  SCV  
  47  4:24  Marine x2  
  51  4:32  SCV  
  51  4:33  SCV  
  53  4:39  Supply Depot  
  53  4:49  SCV  
  54  4:58  Command Center  
  54  4:59  Starport Reactor  
  54  5:01  SCV, Cyclone, Marine x2  
  60  5:12  SCV, Supply Depot  
  60  5:13  SCV  
  62  5:14  Refinery  
  62  5:25  Barracks  
  62  5:27  Barracks Tech Lab, Refinery, Barracks  
  62  5:30  Engineering Bay  
  62  5:34  SCV x2, Siege Tank  
  67  5:46  SCV x2  
  67  5:47  Marine  
  67  5:48  Stimpack  
  70  5:57  Engineering Bay  
  70  5:58  Terran Infantry Weapons Level 1  
  70  6:07  Supply Depot  
  70  6:08  Supply Depot  
  70  6:09  SCV x2, Medivac x2  
  70  6:11  Marine  
  77  6:12  Siege Tank  
  77  6:13  Marine  
  77  6:15  Marine  
  82  6:18  Barracks Reactor  
  82  6:21  SCV  
  82  6:22  SCV  
  82  6:23  Terran Infantry Armor Level 1  
  82  6:24  Orbital Command  
  84  6:34  SCV x2  
  86  6:46  SCV x2  
  88  6:49  Marine x2  
  88  6:50  Marine  
  88  6:52  Siege Tank, Missile Turret  
  88  6:54  Missile Turret  
  94  6:56  Orbital Command  
  94  6:58  SCV  
  94  6:59  SCV  
  94  7:00  Marine x2  
  98  7:03  Armory  
  98  7:05  Supply Depot x2  
  98  7:07  Supply Depot  
  98  7:08  Viking  
  98  7:10  SCV  
  98  7:13  Marine  
  101  7:24  SCV, Marine  
  101  7:26  SCV x2, Marine x3  
  101  7:44  Marauder  
  99  7:54  Marine x3  
  99  7:55  Siege Tank, Marine  
  99  7:56  Medivac x2  
  108  8:00  Barracks  
  108  8:02  SCV x3  
  108  8:03  Factory  
  108  8:04  Barracks  
  111  8:06  Marauder  
  113  8:21  Marine x2  
  113  8:22  Marine x2  
  113  8:24  Terran Infantry Weapons Level 2  
  113  8:26  Terran Infantry Armor Level 2, Medivac  
  119  8:27  SCV  
  119  8:28  SCV x2, Siege Tank  
  119  8:31  Refinery  
  124  8:40  SCV  
  125  8:55  Marine  
  125  8:56  Marine  
  125  8:57  SCV  
  125  9:00  Marine  
  125  9:01  Barracks Reactor, Barracks Tech Lab  
  125  9:06  Supply Depot  
  125  9:10  Marine  
  125  9:11  SCV  
  125  9:12  SCV, Marine  
  125  9:13  Marine  
  125  9:16  Command Center  
  118  9:17  Marine  
  118  9:18  Marine  
  112  9:28  Medivac x2, Marine  
  112  9:29  Siege Tank, Marine  
  112  9:30  Marauder  
  112  9:31  Marine  
  113  9:39  SCV x3  
  113  9:41  Factory Tech Lab  
  113  9:43  Terran Vehicle Weapons Level 1  
  116  9:49  Marine x3  
  116  9:50  Missile Turret, Marine x3  
  116  9:51  SCV x3, Marine, Marauder  
  128  10:00  Missile Turret  
  128  10:01  Siege Tank  
  131  10:07  Marine x2  
  133  10:22  Marine x4  
  133  10:23  Marauder  
  133  10:24  Siege Tank  
  127  10:33  Siege Tank  
  122  10:36  Marine x3  
  122  10:40  Marine  
  121  10:45  Marine x4  
  121  10:49  SCV x3  
  124  10:56  Siege Tank  
  127  10:57  Marine x2  
  127  10:58  Marine  
  127  10:59  Planetary Fortress  
  127  11:01  SCV, Missile Turret  
  131  11:05  Siege Tank  
  131  11:07  Marine x2  
  131  11:10  Marine x3  
  139  11:13  SCV  
  139  11:14  SCV x2  
  139  11:17  Refinery x2  
  142  11:19  Refinery  
  142  11:22  Barracks  
  142  11:23  Barracks  
  142  11:24  Barracks  
  142  11:25  SCV, Marine x3  
  145  11:29  Marine  
  145  11:30  Marine  
  148  11:34  Supply Depot  
  148  11:36  Supply Depot  
  147  11:47  Marine  
  148  11:55  Missile Turret, Marine  
  148  11:56  SCV x2, Viking x2  
  148  11:58  Siege Tank x2  
  161  12:02  Marine x3  
  164  12:09  Marine  
  164  12:10  Marauder  
  164  12:11  Marauder  
  114  12:25  Marine x5  
  114  12:26  Barracks Reactor, Barracks Tech Lab x2  
  114  12:28  Terran Infantry Weapons Level 3  
  114  12:29  Terran Infantry Armor Level 3  
  119  12:30  Siege Tank x2  
  119  12:35  Marine  
  119  12:36  Marine  
  126  12:49  Marine x4  
  126  12:50  Marauder, Marine x3  
  135  12:53  Marine  
  135  12:59  Marine  
  135  13:02  Siege Tank  
  139  13:12  Marine x3  
  142  13:14  Siege Tank  
  139  13:28  Terran Vehicle Weapons Level 2  
  139  13:33  Marine x4  
  139  13:34  Marauder x3, Siege Tank, Marine x2  
  145  13:38  Supply Depot  
  145  13:39  Supply Depot  
  151  13:46  Siege Tank  
  148  13:54  Command Center  
  134  14:00  Marine x3  
  134  14:01  Marauder x2, Marine x3  
  138  14:06  Siege Tank, Marine x3  
  138  14:07  Marauder  
  146  14:18  Marine x4  
  146  14:19  Supply Depot, Marine x2  
  146  14:23  Marauder x2  
  156  14:24  Marine  
  156  14:25  Siege Tank  
  156  14:27  Marine  
  156  14:30  Medivac  
  156  14:31  Medivac  
  165  14:35  Starport  
  165  14:41  Marine x4  
  165  14:42  Marauder x2, Marine  
  174  14:58  Marine x3  
  174  14:59  Marauder  
  176  15:00  Medivac  
  176  15:01  Medivac  
  165  15:16  Planetary Fortress  
  165  15:17  Marine x4  
  165  15:18  Marauder  
  165  15:19  Siege Tank, Marine x3  
  165  15:20  Siege Tank, Marauder x2  
  165  15:21  Viking  
  178  15:30  Viking  
  180  15:36  Marine x3  
  180  15:37  Marauder  
  180  15:38  Marine x2  
  180  15:39  Marauder  
  186  15:43  Marine x2  
  186  15:44  Marauder  
  189  15:53  Marine x2  
  189  15:54  Marine  
  175  16:13  Marine x4  
  175  16:14  Marauder x2, Marine x2  
  175  16:15  Siege Tank  
  178  16:35  Marine x4  
  178  16:36  Marauder x2  
  182  16:41  Siege Tank, Marine  
  182  16:42  Marauder, Viking, Marine  
  182  16:43  Viking  
  182  16:44  Viking  
  193  16:51  Marine x2  
  187  16:59  Refinery  
  187  17:00  Marine x2  
  189  17:03  Refinery  
  176  17:12  Marine  
  176  17:13  Siege Tank  
  176  17:14  Viking  
  176  17:15  Viking  
  171  17:23  Medivac  
  173  17:40  Marine x2  
  173  17:41  Marauder  
  173  17:44  Medivac, Marine x2  
  177  17:45  Medivac  
  183  17:53  Medivac  
  183  17:55  SCV  
  185  18:29  Marine x2  
  185  18:37  Marauder x2, Marine x4  
  185  18:38  Marauder  
  195  18:45  Marine x2  
  116  18:49  Marine  
  116  18:50  Marine  
  118  19:15  Viking x2  
  120  19:20  SCV  
  120  19:24  Orbital Command  
  119  19:25  Marine  
  120  19:35  Marine  
  120  19:36  Marine x3  
  123  19:42  Marine  
  114  19:51  Refinery  
  110  19:54  Marine x2  
  112  20:01  Marine x2  
  112  20:02  Marauder  
  111  20:15  Siege Tank  
  111  20:16  Marine  
  111  20:17  Siege Tank  
  114  20:30  Marine x2  
  114  20:32  Viking x2  
  115  20:40  Marine  
  116  20:44  Marine x3  
  116  20:46  Viking  
  116  20:47  Siege Tank  
  116  20:49  Siege Tank  
  127  20:52  Refinery  
  127  20:56  Marine x3  
  127  20:57  Marine  
  130  21:02  Command Center, Viking x2  
  132  21:16  Medivac  
  134  21:19  Siege Tank  
  134  21:22  Marine x2  
  134  21:23  Marine  
  127  21:32  Viking, Medivac  
  131  21:44  Siege Tank  
  132  21:51  Siege Tank  
  100  22:03  Viking x2  
  100  22:04  Marauder, Marine x2  
  100  22:08  Marine  
  99  22:21  Marine  
  99  22:22  Marauder, Marine x3  
  101  22:23  Marauder  
  101  22:27  Orbital Command  
  100  22:32  Marine  
  100  22:35  Viking  
  103  22:42  Marine x2  
  102  22:54  Marine  
  66  22:59  Marine x2  
  66  23:01  Viking x2, Marine x2  
  66  23:02  Marauder  
  66  23:05  Marine x3  
  75  23:06  Marauder  
  75  23:12  Marine x2  
  73  23:13  Marine  
Show
View Real Time Build Order
Export as new Build Order

MorN Terran - Winner!

Build Orders: Reaper Expand, Bio Tank, Hellion Banshee, MMM Bio 

Get SALT Encoding   

  12  0:00  SCV  
  13  0:12  SCV  
  14  0:17  Supply Depot  
  14  0:25  SCV  
  15  0:38  SCV  
  15  0:40  Barracks  
  16  0:46  Refinery  
  16  0:50  SCV  
  17  1:02  SCV  
  18  1:15  SCV  
  19  1:30  Orbital Command  
  19  1:31  Reaper  
  20  1:43  Command Center  
  20  1:51  Supply Depot  
  20  1:56  SCV  
  21  2:01  Refinery  
  21  2:04  Reaper  
  22  2:11  SCV  
  22  2:23  SCV  
  22  2:28  Factory  
  23  2:35  SCV  
  24  2:39  Barracks Reactor  
  24  2:47  SCV  
  25  2:54  Orbital Command  
  25  2:59  SCV  
  26  3:11  SCV  
  27  3:17  Starport  
  27  3:20  SCV  
  27  3:21  Hellion x2  
  27  3:23  SCV  
  33  3:28  Supply Depot, Barracks Tech Lab  
  33  3:31  Engineering Bay  
  33  3:32  SCV  
  34  3:36  SCV  
  35  3:43  Hellion x2  
  35  3:47  SCV  
  40  3:49  SCV  
  41  3:57  Missile Turret  
  41  3:59  Missile Turret  
  41  4:02  Banshee  
  41  4:04  Missile Turret  
  41  4:09  SCV  
  45  4:10  SCV  
  45  4:16  Supply Depot  
  46  4:20  Barracks Tech Lab  
  46  4:24  SCV  
  46  4:27  Hellion x2  
  46  4:28  SCV  
  52  4:36  SCV  
  53  4:40  SCV, Stimpack, Marine  
  41  4:45  Viking  
  57  4:57  Barracks  
  57  5:00  Barracks  
  57  5:05  SCV x2  
  59  5:07  Factory Reactor  
  59  5:12  Marine  
  60  5:17  SCV x2  
  62  5:28  Supply Depot  
  62  5:30  Terran Infantry Weapons Level 1, Starport Reactor  
  62  5:33  Command Center  
  62  5:43  SCV x2  
  61  5:52  Supply Depot  
  61  5:55  SCV x2, Marine x3  
  61  5:56  Marine x2  
  68  5:58  Barracks  
  68  5:59  Barracks  
  68  6:01  Supply Depot  
  68  6:07  SCV  
  68  6:08  SCV  
  68  6:09  Engineering Bay  
  68  6:10  Refinery  
  68  6:11  Armory, Refinery  
  70  6:13  Siege Tank, Marine x2  
  75  6:19  SCV  
  75  6:20  Supply Depot  
  76  6:26  SCV  
  76  6:31  SCV, Marine x3  
  76  6:32  Supply Depot, Medivac x2  
  84  6:41  SCV  
  84  6:43  Marine x2  
  84  6:44  Supply Depot  
  84  6:45  Combat Shields, Siege Tank  
  89  6:48  Orbital Command  
  89  6:49  Barracks Reactor, Marine  
  89  6:50  Barracks Reactor  
  90  6:56  Terran Infantry Armor Level 1, SCV  
  91  7:05  Terran Vehicle Weapons Level 1  
  91  7:13  SCV  
  92  7:20  Marine x4  
  92  7:21  Siege Tank  
  97  7:24  Supply Depot, Marine  
  97  7:26  Supply Depot  
  96  7:32  Marine x2  
  98  7:37  Marine  
  98  7:38  Marine x2  
  85  7:51  Marine x4  
  85  7:52  Medivac x2, Marine  
  85  7:53  Siege Tank  
  95  7:58  Marine  
  95  7:59  Marine x2  
  95  8:03  Marine  
  95  8:04  Supply Depot  
  99  8:09  Marine x2  
  99  8:10  SCV x2  
  99  8:12  Marine x3  
  106  8:13  Supply Depot, Terran Infantry Weapons Level 2  
  106  8:28  Marine  
  106  8:29  Marine x2  
  106  8:31  Marine  
  107  8:42  Marine x2  
  110  8:49  Marine x2  
  110  8:51  Barracks Reactor x2  
  110  8:54  Barracks Reactor  
  110  8:55  Barracks Reactor  
  102  8:59  Marine  
  102  9:00  Marine x2  
  97  9:07  Marine x3  
  97  9:08  Siege Tank, Medivac  
  101  9:17  Marine  
  100  9:18  Marine  
  98  9:27  Marine x2  
  98  9:29  Barracks Reactor x2  
  99  9:35  Orbital Command  
  99  9:37  Barracks  
  99  9:38  Barracks  
  93  9:39  Barracks  
  93  9:40  Marine  
  92  9:49  Terran Infantry Armor Level 2  
  92  9:50  Terran Vehicle Weapons Level 2  
  92  9:51  SCV x2  
  94  9:54  Sensor Tower  
  94  9:59  Marine x2  
  95  10:01  Medivac  
  95  10:04  Marine x3  
  95  10:06  Supply Depot  
  100  10:08  Supply Depot  
  100  10:16  Marine x3  
  100  10:18  Command Center  
  103  10:23  Marauder  
  92  10:31  Medivac  
  81  10:35  Marine  
  81  10:36  Marine x5  
  81  10:37  Siege Tank, Marine x5  
  93  10:44  Marine  
  94  10:53  Refinery, Marine x3  
  94  10:54  Marine  
  94  10:55  Refinery  
  98  11:02  Marauder  
  102  11:08  Marine x3  
  102  11:09  Siege Tank  
  102  11:10  Barracks Reactor x3  
  106  11:23  Barracks Reactor, Marine x3  
  109  11:27  Medivac x2  
  109  11:28  SCV  
  109  11:31  Marine x3  
  118  11:34  Planetary Fortress  
  117  11:41  Siege Tank  
  120  11:50  Marine x3  
  120  11:51  Marine x10  
  133  11:54  Terran Infantry Weapons Level 3  
  133  11:58  Refinery  
  133  11:59  Refinery  
  133  12:08  Marine x9  
  132  12:09  Marine x3  
  126  12:17  Marine x3  
  125  12:24  Siege Tank, Medivac x2  
  125  12:25  Marine  
  125  12:26  Marine x2  
  125  12:27  Marauder  
  137  12:36  Marine x3  
  137  12:37  Marine  
  141  12:44  Marine  
  141  12:50  SCV x2  
  144  12:54  Medivac x2  
  144  12:55  Marine  
  144  12:56  Marauder, Siege Tank, Marine  
  144  12:57  Command Center  
  155  13:02  Marine  
  155  13:03  Marine x11  
  165  13:13  Marine  
  166  13:24  Viking x2  
  166  13:25  Marine x2  
  166  13:26  Marine x3, Marauder  
  166  13:27  Marine x6  
  180  13:40  Marine  
  180  13:41  Siege Tank, Marine x2  
  180  13:43  Marine  
  180  13:44  Marine x3  
  180  13:47  Marauder  
  180  13:54  Marine x2  
  180  13:55  Marine x2  
  180  13:56  Marine  
  180  13:57  Marine x2  
  180  13:58  Marine  
  180  13:59  Marine x2  
  180  14:04  Supply Depot  
  180  14:09  Marauder  
  181  14:13  Siege Tank  
  178  14:20  Marine x2  
  178  14:21  Marine  
  181  14:27  Viking x2  
  181  14:29  Orbital Command  
  181  14:30  Marauder  
  187  14:32  Terran Infantry Armor Level 3  
  187  14:33  Terran Vehicle Weapons Level 3  
  187  14:45  Siege Tank  
  190  14:47  Marine  
  190  14:48  Marine x3  
  190  14:51  Marine  
  190  14:52  Marine  
  193  15:02  Sensor Tower  
  193  15:03  Marauder, Marine x2  
  197  15:09  Marine x2  
  197  15:10  Marine  
  197  16:00  Marine x8  
  197  16:01  Marine x5  
  198  16:16  Medivac x2  
  198  16:17  Marine x3  
  191  16:22  Planetary Fortress  
  191  16:29  Liberator x2  
  176  16:33  Marine x5  
  176  16:35  Marauder, Marine x2  
  180  16:47  Marine x3  
  180  16:48  Siege Tank  
  176  16:55  Marine x6  
  176  16:57  Marauder  
  184  17:18  Marauder  
  184  17:20  Siege Tank  
  184  17:22  Marine x3  
  184  17:23  Marine x9  
  184  17:29  Viking x2  
  200  17:31  Starport x2  
  200  17:32  Starport  
  184  18:26  Marine x2  
  188  18:27  Marauder  
  182  18:35  Marine x2  
  178  18:48  Marauder, Marine  
  131  18:49  Siege Tank, Marine x7  
  131  18:52  Starport Tech Lab, Starport Reactor x2  
  142  19:02  Marine x3  
  145  19:09  Marine x2  
  149  19:10  Marine x2, Marauder  
  149  19:11  Medivac x2, Marine  
  155  19:18  Terran Vehicle And Ship Armor Level 1  
  155  19:21  Siege Tank  
  160  19:31  Marauder  
  160  19:39  Marine x2  
  162  19:53  Siege Tank, Marauder  
  165  20:00  Fusion Core  
  165  20:11  Command Center  
  167  20:14  Command Center, Marauder  
  167  20:18  Marine  
  167  20:19  Marine  
  169  20:28  Marine x2  
  170  20:35  Marauder, Marine  
  171  20:47  Marine x2  
  171  20:49  Battlecruiser  
  181  20:57  Marauder  
  181  20:59  Starport Tech Lab  
  181  21:00  Starport Tech Lab  
  181  21:08  Marine x2  
  183  21:15  Orbital Command  
  183  21:17  Marine  
  183  21:18  Marauder, Marine x2  
  178  21:19  Marine x2  
  178  21:22  Marine x2  
  178  21:24  Battlecruiser  
  187  21:26  Battlecruiser  
  190  21:35  Marine x2  
  190  21:37  Marine x2  
  190  21:39  Marauder  
  195  21:43  SCV  
  195  21:46  Marine  
  197  21:54  Battlecruiser  
  185  21:56  Marine x2  
  185  21:58  Marine x2  
  185  22:01  Marauder  
  175  22:11  Marine x3  
  178  22:22  Marine x2, Marauder  
  177  22:35  SCV x4  
  182  22:44  Marauder  
  183  22:47  SCV  
  162  22:55  Marine x3  
  162  22:57  Marine x3  
  150  23:01  Marine  
  150  23:05  Marauder  
  164  23:30  Refinery  
Tags
 
Add a new tag
Caveats
  • Supply blocks, unpowered buildings, or Contaminate may cause inaccurate times.
  • Supply counts are checked every 10 seconds.